 Dungeon Sprint DCSS version 0.29.0-11-gd7f09526c8 (webtiles) character file.

Game seed: 1047621679080464622

1232 Zeld the Cleaver (level 8, -2/120 HPs)
             Began as a Minotaur Berserker on Sept 6, 2022.
             Was a Priest of Trog.
             Slain by Sonja
             ... wielding a +2 short sword of distortion
              (10 damage)
             ... in the Dungeon (Sprint I: "Red Sonja").
             The game lasted 00:01:41 (1102 turns).

Zeld the Cleaver (Minotaur Berserker)               Turns: 1102, Time: 00:01:41

Health: -2/120     AC:  2    Str: 24    XL:     8   Next: 24%
Magic:  7/7        EV: 15    Int:  4    God:    Trog [***...]
Gold:   418        SH:  0    Dex: 10    Spells: 7/7 levels left

rFire   . . .      SeeInvis .   j - +4 scythe (protect)
rCold   . . .      Faith    .   (shield currently unavailable)
rNeg    . . .      Spirit   .   b - +0 animal skin
rPois   .          Reflect  .   (helmet restricted)
rElec   .          Harm     .   (no cloak)
rCorr   .          Rampage  .   (no gloves)
Will    ++...      NoTele   +   (no boots)
Stlth   ..........              (no amulet)
HPRegen 1.30/turn               (no ring)
MPRegen 0.10/turn               (no ring)

@: berserking, strong-willed, regenerating, slowed
A: horns 2, retaliatory headbutt
a: Renounce Religion, Berserk, Trog's Hand


You were in the Dungeon.
You worshipped Trog.
Trog was most pleased with you.
You visited 1 branch You collected 418 gold pieces.

Inventory:

Hand Weapons
 a - a +0 hand axe
 j - a +4 scythe of protection (weapon)
Armour
 b - a +0 animal skin (worn)
Wands
 i - a wand of charming (6)
Scrolls
 h - a scroll of blinking
Potions
 c - 2 potions of curing
 d - a potion of heal wounds
 e - a potion of haste
 f - 2 potions of magic
 g - a potion of berserk rage


   Skills:
 + Level 10.5 Fighting
 * Level 14.1 Axes
 + Level 10.1 Armour
 + Level 9.3 Dodging


You had 7 spell levels left.
You didn't know any spells.
Your spell library was empty.

Dungeon Overview and Level Annotations

Branches:
Dungeon (1/1)

Altars:
Cheibriados
Dithmenos
Elyvilon
Fedhas
Gozag
Hepliaklqana
Kikubaaqudgha
Makhleb
Nemelex Xobeh
Okawaru
Qazlal
Ru
Sif Muna
Trog
Uskayaw
Vehumet
Wu Jian
Xom
Yredelemnul
Zin
The Shining One
Jiyva
Lugonu

Shops:
D :

Annotations:
D Sonja


Innate Abilities, Weirdness & Mutations

You have a pair of horns on your head.
You reflexively headbutt those who attack you in melee.


Message History

Sonja hits you with a +2 short sword of distortion.
* * * LOW HITPOINT WARNING * * *
Sonja barely misses you.
Unknown command.
Okay, then.
Your skin crawls.
You feel strong-willed.
You feel very sick.
Sonja hits you with a +2 short sword of distortion.
* * * LOW HITPOINT WARNING * * *
Sonja barely misses you.
Sonja hits you with a +2 short sword of distortion.
* * * LOW HITPOINT WARNING * * *
Sonja mumbles some strange words.
Sonja blinks!
Unknown command.
You feel sick.
There is an open door here.
You feel sick.
You close the door.
You feel sick.
Sonja opens the door.
You feel much better.
You feel sick.
You are no longer poisoned.
Sonja hits you with a +2 short sword of distortion!
* * * LOW HITPOINT WARNING * * *
Space warps around you.
* * * LOW HITPOINT WARNING * * *
Sonja hits you with a +2 short sword of distortion.
* * * LOW HITPOINT WARNING * * *
Space warps around you.
* * * LOW HITPOINT WARNING * * *
Sonja hits you with a +2 short sword of distortion.
* * * LOW HITPOINT WARNING * * *
Space warps around you.
* * * LOW HITPOINT WARNING * * *
A red film seems to cover your vision as you go berserk!
You feel yourself moving faster!
You feel mighty!
Sonja hits you with a +2 short sword of distortion.
* * * LOW HITPOINT WARNING * * *
Space warps horribly around you!
You die...

##########################
#<.#..)..#..'..#__#..')..#
#..)..#..'[.#..'..'..#)..#
#..#####'#####'#__####...+
#..####..#...#.#### #####
#..#__####@.##:#
#..#_____##K#_.+
#⌠⌠#_.∩...'..._#
####_..__##_.#'#
#_____###'#.# #######
#.### $.$ $.$# ##.##


You could see Sonja.

Vanquished Creatures
  2 kobold demonologists (D)
  A slime creature (D)
  Sigmund (D)
  A yak (D)
  A floating eye (D)
  An ogre (D)
  A jelly (D)
  Ijyb (D)
9 creatures vanquished.

Notes
Turn   | Place    | Note
-------+----------+-------------------------------------------
     0 | D        | Zeld the Minotaur Berserker began the quest for the Orb.
     0 | D        | Reached XP level 1. HP: 19/19 MP: 0/0
     1 | D        | Noticed Ijyb
     7 | D        | Killed Ijyb
     8 | D        | Reached skill level 5 in Axes
     8 | D        | Reached XP level 2. HP: 28/28 MP: 1/1
   171 | D        | Noticed an ogre
   175 | D        | Killed an ogre
   176 | D        | Reached skill level 7 in Axes
   176 | D        | Reached skill level 5 in Armour
   176 | D        | Reached XP level 3. HP: 31/37 MP: 2/2
   176 | D        | Reached XP level 4. HP: 37/44 MP: 3/3
   373 | D        | Noticed Sigmund
   378 | D        | Killed Sigmund
   378 | D        | Reached ** piety under Trog
   379 | D        | Reached skill level 10 in Axes
   379 | D        | Reached XP level 5. HP: 52/52 MP: 4/4
   668 | D        | Found an ornate altar of the Wu Jian Council.
   668 | D        | Found a shimmering blue altar of Sif Muna.
   670 | D        | Found a radiant altar of Vehumet.
   673 | D        | Reached XP level 6. HP: 61/61 MP: 5/5
   723 | D        | Found Vits's Book Emporium.
   723 | D        | Found an ancient bone altar of Kikubaaqudgha.
   723 | D        | Found a hazy altar of Hepliaklqana.
   723 | D        | Found a stormy altar of Qazlal.
   723 | D        | Found a hide-covered altar of Uskayaw.
   723 | D        | Found a blossoming altar of Fedhas.
   723 | D        | Found a bloodstained altar of Trog.
   723 | D        | Found an iron altar of Okawaru.
   723 | D        | Found a basalt altar of Yredelemnul.
   723 | D        | Found a glowing golden altar of the Shining One.
   723 | D        | Found a snail-covered altar of Cheibriados.
   723 | D        | Found a sacrificial altar of Ru.
   723 | D        | Found a glowing silver altar of Zin.
   723 | D        | Found a shadowy altar of Dithmenos.
   723 | D        | Found a white marble altar of Elyvilon.
   723 | D        | Noticed a yak
   726 | D        | Killed a yak
   727 | D        | Reached skill level 11 in Axes
   727 | D        | Found an opulent altar of Gozag.
   728 | D        | Found a sparkling altar of Nemelex Xobeh.
   797 | D        | Found a burning altar of Makhleb.
   797 | D        | Found a viscous altar of Jiyva.
   797 | D        | Found a shimmering altar of Xom.
   797 | D        | Found a corrupted altar of Lugonu.
   797 | D        | Noticed a slime creature
   804 | D        | Killed a slime creature
   804 | D        | Reached *** piety under Trog
   805 | D        | Reached skill level 12 in Axes
   805 | D        | Reached XP level 7. HP: 44/70 MP: 6/6
  1008 | D        | Noticed a kobold demonologist
  1008 | D        | Noticed a kobold demonologist
  1017 | D        | Killed a kobold demonologist
  1018 | D        | Reached skill level 10 in Fighting
  1018 | D        | Reached skill level 13 in Axes
  1022 | D        | Killed a kobold demonologist
  1022 | D        | Reached **** piety under Trog
  1023 | D        | Reached skill level 14 in Axes
  1023 | D        | Reached skill level 10 in Armour
  1023 | D        | Reached XP level 8. HP: 80/80 MP: 7/7
  1088 | D        | Noticed Sonja
  1102 | D        | Slain by Sonja

Illustrated notes

Levels and vault maps discovered:
D:        dungeon_sprint_1 [red_sonja_temple_1, red_sonja_temple_small_1]

Skill      XL: |  1  2  3  4  5  6  7 |
---------------+----------------------+-----
Fighting       | 4 6 7 9 10 | 10.5
Axes           | 5 7 10 12 14 | 14.1
Armour         | 3 5 7 8 10 | 10.1
Dodging        | 3 4 6 8 9 |  9.3

Action                   |  1- 3 |  4- 6 |  7- 9 || total
-------------------------+-------+-------+-------++-------
Melee: Hand axe          |     8 |     3 |    11 ||    22
       Headbutt          |     1 |     4 |     3 ||     8
       Halberd           |       |    12 |     4 ||    16
Invok: Berserk           |     2 |     1 |     2 ||     5
       Trog's Hand       |       |       |     2 ||     2
       Brothers in Arms  |       |       |     1 ||     1
  Use: Potion            |       |       |     2 ||     2
Armor: Animal skin       |     1 |       |     1 ||     2
Dodge: Dodged            |     1 |     4 |    16 ||    21
